MONK DUDE, lawful male human Monk ----------------------------------------------------- |...........................).......................| |*-------------.---...----------------------------..| |.|----- --- |...|........^.................|..| |.||...| ----(..|.............<...(...........| |.||...--- |....---..............(...........|^.| |.||.*...| |....|............................|..| |.|----..| ---..------------------------------..|-. |.| |..| |.....(........).....1..%%.........|... |.| |..| ------(.------------------------------..|... |.-----..---|.....%.|----------------------- |..|.. |...........|----.--|......................| |..|.. ------------|...|.| --------------------.|1-------.)|.... -------------.{.|.|---------------------.|..........|.... |...............|.|..............%.......|-------------.. |.---------------.|---------------------.|.O............. $ |.................| |`...@..))........ ------------------- ----------------- MONK DUDE the Initiate Experience level: 8 Strength: 17 Dexterity: 16 Constitution: 13 Intelligence: 9 Wisdom: 13 Charisma: 10 Health: 0(55) Energy: 33(33) Def: 9 Gold: 242 Moves: 4318 Dungeon seed: jYWif2Pgcsf6OVzO Game ID: MONK DUDE_1554485100 Your Inventory: Coins $ - 242 gold pieces Armor e - an uncursed +2 pair of leather gloves (being worn) n - an uncursed +1 robe (being worn) q - an uncursed +0 pair of iron shoes (being worn) y - a blessed +0 orcish shield (being worn) z - a blessed +1 cloak of invisibility Comestibles d - 5 uncursed food rations f - 6 uncursed apples g - 9 uncursed oranges h - 4 uncursed fortune cookies O - a cursed partly eaten food ration Scrolls b - an uncursed scroll of charging u - a blessed scroll of blank paper x - an uncursed scroll of create monster F - a cursed scroll of teleportation G - a cursed scroll of identify H - a cursed scroll of light Spellbooks a - a blessed spellbook of healing K - an uncursed spellbook of force bolt Potions c - 3 uncursed potions of healing I - an uncursed potion of gain ability R - an uncursed potion of full healing S - an uncursed potion of extra healing Rings o - a cursed ring of polymorph v - a blessed +1 ring of protection w - a blessed +0 ring of increase damage Wands D - a cursed wand of teleportation (0:5) E - a cursed wand of magic missile (0:0) Tools p - a +0 pick-axe A - an uncursed pair of lenses M - an uncursed skeleton key N - a cursed skeleton key P - an uncursed bag of holding Gems r - an uncursed worthless piece of violet glass Spells and supernatural/magical abilities: Name Level Category Fail Memory a - force bolt 1 attack 51% 93% h - healing 1 healing 46% 79% W - pray for help -- divine ? -- Your skills at the end: Fighting Skills martial arts [Basic] Weapon Skills Spellcasting Skills healing spells [Basic] Final Attributes: You were piously aligned. You were sleep resistant. You were poison resistant. You saw invisible. You were warned. You were stealthy. You are dead. Vanquished creatures: a baby long worm 2 wolves an orc-captain a giant spider a vampire bat a gnome king a lizard a chickatrice a dog a dwarf lord a raven 5 Mordor orcs a rock mole 14 gnome lords 6 gnomish wizards a straw golem a kitten 3 dwarves 5 monkeys a dwarf zombie 2 acid blobs a gas spore 3 hobbits a manes a hobgoblin a giant rat 2 brown molds 57 gnomes a gecko 6 jackals 2 foxes 2 kobolds 3 grid bugs a lichen 4 newts 136 creatures vanquished. Voluntary challenges: You followed a strict vegan diet. You never hit with a wielded weapon. You read items or engraved 9 times, starting on turn 141. You never genocided any monsters. You never polymorphed an object. You never changed form. You used no wishes. You never split a pudding. You never wrote Elbereth's name. You violated your moral code, losing 32 points of alignment, starting on turn 3906. Dungeon overview: The Dungeons of Doom: levels 1 to 3 Level 1 an altar to Huan Ti a long staircase Level 2 Level 3 a jewelry store stairs to The Gnomish Mines The Gnomish Mines: levels 4 to 12 Level 4 stairs to The Dungeons of Doom Level 5 Level 6 many shops, a temple to Shan Lai Ching, some fountains, a sink Level 7 Level 8 Level 9 Level 10 Level 11 Level 12 <- You were here a fountain History has recorded: On T:1 you entered the Dungeons of Doom to retrieve the Amulet of Yendor! On T:491 you reached level 2 of The Dungeons of Doom. On T:545 you advanced to experience level 2. On T:701 you reached level 3 of The Dungeons of Doom. On T:977 you reached level 1 of The Gnomish Mines. On T:977 you advanced to experience level 3. On T:1028 you advanced to experience level 4. On T:1219 you reached level 2 of The Gnomish Mines. On T:1290 you advanced to experience level 5. On T:1476 you reached level 3 of The Gnomish Mines. On T:1698 you advanced to experience level 6. On T:1904 you reached level 4 of The Gnomish Mines. On T:2032 you reached level 5 of The Gnomish Mines. On T:2219 you advanced to experience level 7. On T:2263 you reached level 6 of The Gnomish Mines. On T:2336 you reached level 7 of The Gnomish Mines. On T:3265 you reached level 8 of The Gnomish Mines. On T:3335 you reached level 9 of The Gnomish Mines. On T:3358 you advanced to experience level 8. Score breakdown: Gold: 242 ( 8115 points) Experience: 8 levels (14739 points) Exploration: 12 levels ( 24.49%) (14361 points) Discoveries: 15 items ( 5.36%) ( 6943 points) Valuables value: (no points given unless you survive) Artifact value: 0 ( 0 points) Variety of kills: 35 monsters ( 9.19%) ( 9092 points) Turncount: 4318 turns (-1137 points) Survival: died (score multiplied by 80%) Total score: 41690 Latest messages: You are hit by a dagger. The ogre lord wields a club! You hit the ogre lord. The ogre lord swings his club. The ogre lord hits! You hit the ogre lord! The ogre lord swings his club. The ogre lord hits! You are beginning to feel weak. You hit the ogre lord! The ogre lord swings his club. The ogre lord hits! You hit the ogre lord! The ogre lord swings his club. The ogre lord hits! You begin to memorize the runes. You stop studying. The ogre lord swings his club. The ogre lord just misses! You hit the ogre lord. The ogre lord swings his club. The ogre lord hits! You die... The bag of holding is empty. Final status: Goodbye MONK DUDE the Monk, killed by an ogre lord... You died in The Gnomish Mines on dungeon level 12 with 41690 points, and 242 pieces of gold, after 4318 moves. You were level 8 with a maximum of 55 hit points when you died.